[Event "Team 45 45 League T84"]
[Site "Internet Chess Club"]
[Date "2020.04.07"]
[Round "1"]
[White "LittleButton"]
[Black "cadmiumorange"]
[Result "1-0"]
[WhiteElo "1873"]
[BlackElo "1802"]
[Opening "Modern defense"]
[ECO "A40"]
[Time "14:00:22"]
[TimeControl "2700+45"]

1. d4 g6 2. Nc3 d6 3. Bf4 Bg7 4. Nf3 Nd7 5. e4 c6 6. e5 d5 7. Qd2 Nf8 8. Bd3 Ne6
9. Be3 b5 10. a4 b4 11. Ne2 a5 12. O-O h5 13. c3 Rb8 14. Rfc1 Qb6 15. cxb4 Qxb4
16. Rxc6 Bd7 17. Ra6 Qxb2 18. Qxb2 Rxb2 19. Ra8+ Nd8 20. Rxa5 Nh6 21. Rxd5
{Black resigns} 1-0

[Event "Team 45 45 League T84"]
[Site "Internet Chess Club"]
[Date "2020.04.04"]
[Round "1"]
[White "McDreasor"]
[Black "room-matt"]
[Result "1-0"]
[WhiteElo "1625"]
[BlackElo "1785"]
[Opening "Ruy Lopez: Bird's defense"]
[ECO "C61"]
[Time "10:00:58"]
[TimeControl "2700+45"]

1. e4 e5 2. Nf3 Nc6 3. Bb5 Nd4 4. Nxd4 exd4 5. O-O Bc5 6. d3 c6 7. Ba4 d6 8. Nd2
Ne7 9. Qh5 O-O 10. f4 d5 11. f5 f6 12. Nf3 Re8 13. g4 g6 14. Qh4 dxe4 15. dxe4
Rf8 16. Kh1 Qd6 17. Bb3+ Kh8 18. g5 gxf5 19. Bf4 Qd8 20. Rg1 Ng6 21. Qh6 Rg8 22.
gxf6 Bf8 23. Qxh7+ Kxh7 24. Ng5+ Kh8 25. Nf7+ Kh7 26. Nxd8 Rh8 27. Raf1 Bh6 28.
Bxh6 Rxd8 29. exf5 Nh4 30. Bd2 Nxf5 31. Rf3 Nh4 32. Rg7+ Kh8 33. Rf4 Nf5 34. Rg5
Nh6 35. Rh4 {Black resigns} 1-0

[Event "Team 45 45 League T84"]
[Site "Internet Chess Club"]
[Date "2020.04.06"]
[Round "1"]
[White "MathBandit"]
[Black "elmaestro"]
[Result "0-1"]
[WhiteElo "1682"]
[BlackElo "1718"]
[Opening "Sicilian: Smith-Morra gambit"]
[ECO "B21"]
[Time "19:04:06"]
[TimeControl "2700+45"]

1. e4 c5 2. d4 cxd4 3. c3 dxc3 4. Nxc3 Nc6 5. Nf3 g6 6. Bc4 Bg7 7. O-O Nf6 8. e5
Ng4 9. Bxf7+ Kxf7 10. Ng5+ Kg8 11. Qxg4 Nxe5 12. Qe4 e6 13. Bf4 h6 14. Bxe5 Qxg5
15. f4 Qf5 16. Qd4 Qf8 17. Ne4 Rh7 18. Rf3 d5 19. Nf6+ Bxf6 20. Bxf6 Rf7 21. Bh8
Kh7 22. Be5 b6 23. Rc1 Bb7 24. h4 h5 25. g4 hxg4 26. Rg3 Rc8 27. Rxc8 Qxc8 28.
Rxg4 Qc1+ 29. Kh2 Qc2+ 30. Kh3 Qe4 31. Qg1 Qf5 32. Kh2 d4 33. h5 Qc2+ 34. Kh3
Qd3+ 35. Kh4 Be4 36. hxg6+ Bxg6 37. Rg3 Qe4 38. Rh3 Kg8 39. Qg5 Rh7+ 40. Kg4
Qf5+ 41. Qxf5 Bxf5+ {White resigns} 0-1

[Event "Team 45 45 League T84"]
[Site "Internet Chess Club"]
[Date "2020.04.06"]
[Round "1"]
[White "Beetlejuice"]
[Black "QuieroAprender"]
[Result "0-1"]
[WhiteElo "1701"]
[BlackElo "1693"]
[Opening "King's Indian defense"]
[ECO "E60"]
[Time "13:08:38"]
[TimeControl "2700+45"]

1. d4 Nf6 2. c4 g6 3. f3 Bg7 4. e4 O-O 5. Nc3 e6 6. Bg5 h6 7. Be3 c6 8. Qd2 d5
9. cxd5 exd5 10. e5 Nfd7 11. Bd3 Nxe5 12. dxe5 d4 13. Bf4 dxc3 14. Qxc3 Be6 15.
Ne2 Nd7 16. Bg3 Bxe5 17. Qc2 Bxg3+ 18. hxg3 Ne5 19. O-O-O Nxd3+ 20. Rxd3 Qa5 21.
Ra3 Qg5+ 22. f4 Qf5 23. Qc3 h5 24. Nd4 Qf6 25. Qe3 Rfe8 26. Qf2 Bc4 27. Rd1 Rad8
28. Rc3 Bxa2 29. b3 c5 30. Rxc5 Re4 31. Qxa2 Rexd4 32. Rxd4 Qxd4 33. Qxa7 Qd1+
34. Kb2 Rd2+ 35. Kc3 Rd3+ 36. Kb4 Qxb3+ 37. Ka5 Qa3+ 38. Kb6 Rb3+ {White
resigns} 0-1

[Event "Team 45 45 League T84"]
[Site "Internet Chess Club"]
[Date "2020.04.04"]
[Round "1"]
[White "julesraider"]
[Black "BrianWood"]
[Result "1/2-1/2"]
[WhiteElo "1653"]
[BlackElo "1622"]
[Opening "QGD"]
[ECO "D30"]
[Time "20:00:35"]
[TimeControl "2700+45"]

1. d4 d5 2. c4 e6 3. Nf3 Nf6 4. Bg5 Nbd7 5. e3 c6 6. Qc2 Bb4+ 7. Nc3 Qa5 8. Bxf6
Nxf6 9. Nd2 O-O 10. Bd3 Bxc3 11. bxc3 Qc7 12. O-O Kh8 13. Nf3 dxc4 14. Bxc4 b5
15. Bd3 Re8 16. a4 e5 17. Nxe5 Rxe5 18. dxe5 Qxe5 19. h3 Bxh3 20. gxh3 Qg5+ 21.
Kh2 Re8 22. f4 Qh4 23. Qe2 Rxe3 24. Qg2 Rxd3 25. Rf3 Ng4+ 26. Qxg4 Qxg4 27. hxg4
Rxf3 28. axb5 cxb5 29. Rxa7 h6 30. Rb7 Rxc3 31. Rxf7 b4 32. Rb7 b3 33. Kg2 Rc2+
34. Kf3 b2 35. Ke4 Rg2 36. Kf5 g6+ 37. Kxg6 Rxg4+ 38. Kxh6 Kg8 39. f5 Kf8 40.
Rxb2 Kf7 41. Rb6 Rg1 42. Kh5 Rg2 43. Kh4 Rg1 44. Kh3 Rg8 45. Kh4 Rg1 46. Rc6 Rg2
47. Kh5 Rg1 48. Kh6 Rg2 49. Kh5 Rg1 {Game drawn by mutual agreement} 1/2-1/2

[Event "Team 45 45 League T84"]
[Site "Internet Chess Club"]
[Date "2020.04.04"]
[Round "1"]
[White "CPTsopiens"]
[Black "Portola"]
[Result "0-1"]
[WhiteElo "1781"]
[BlackElo "1687"]
[Opening "French: advance, Paulsen attack"]
[ECO "C02"]
[Time "10:00:36"]
[TimeControl "2700+45"]

1. e4 e6 2. d4 d5 3. e5 c5 4. c3 Nc6 5. Nf3 Qb6 6. a3 Bd7 7. b4 cxd4 8. cxd4
Nge7 9. Be2 a6 10. O-O Nf5 11. Bb2 Be7 12. g4 Nh4 13. Nxh4 Bxh4 14. Qd3 Rc8 15.
Nd2 Be7 16. Rac1 O-O 17. Nb3 Na7 18. Nc5 Bxc5 19. dxc5 Qd8 20. Bd4 Nc6 21. f4
Nxd4 22. Qxd4 Qh4 23. Rc3 f6 24. f5 Rcd8 25. Rg3 fxe5 26. Qxe5 Qf6 27. Qxf6 Rxf6
28. fxe6 Rxe6 29. Bd3 Bc6 30. Rh3 g6 31. Rhf3 Rde8 32. Kf2 Kg7 33. Kg3 R6e7 34.
Bc2 d4 35. Rf4 g5 36. Rf5 Re3+ 37. R1f3 Rxf3+ 38. Rxf3 Bxf3 39. Kxf3 Re3+ 40.
Kf2 Rxa3 41. Be4 Rb3 42. Bxb7 Rxb4 43. Bxa6 Rb2+ 44. Kf3 Rc2 45. Ke4 Rxc5 46.
Kxd4 Rc2 47. Ke4 Rxh2 48. Kf3 Kf6 49. Kg3 Ra2 50. Bc8 Ra3+ 51. Kf2 Ke5 52. Bf5
h6 53. Bg6 Kf4 54. Bh5 Ra2+ 55. Kg1 Kf3 {White resigns} 0-1

[Event "Team 45 45 League T84"]
[Site "Internet Chess Club"]
[Date "2020.04.03"]
[Round "1"]
[White "andrew37"]
[Black "ghostfire"]
[Result "1-0"]
[WhiteElo "1609"]
[BlackElo "1636"]
[Opening "English: symmetrical, Benoni formation"]
[ECO "A31"]
[Time "20:00:44"]
[TimeControl "2700+45"]

1. Nf3 Nf6 2. c4 c5 3. d4 cxd4 4. Nxd4 d6 5. Nc3 g6 6. e4 Bg7 7. Be2 O-O 8. Be3
Nc6 9. O-O a6 10. Qd2 Qc7 11. Rac1 e6 12. f4 Nxd4 13. Bxd4 e5 14. Be3 Qc6 15.
fxe5 dxe5 16. Nd5 Nxd5 17. cxd5 Qa4 18. Bc4 b5 19. b3 Qa3 20. Be2 b4 21. Bc5 Rd8
22. Bxb4 Bh6 23. Qc3 Be3+ 24. Kh1 Bd4 25. Bxa3 Bxc3 26. Rxc3 f5 27. Bf3 fxe4 28.
Bxe4 Bg4 29. Rc7 Rac8 30. Rff7 Rxc7 31. Rxc7 Bf5 32. Bxf5 gxf5 33. d6 e4 34. Kg1
e3 35. Kf1 {Black resigns} 1-0

[Event "Team 45 45 League T84"]
[Site "Internet Chess Club"]
[Date "2020.04.05"]
[Round "1"]
[White "fishhead"]
[Black "fledermaus"]
[Result "1/2-1/2"]
[WhiteElo "1851"]
[BlackElo "1852"]
[Opening "Sicilian defense"]
[ECO "B40"]
[Time "15:00:34"]
[TimeControl "2700+45"]

1. e4 c5 2. Nf3 e6 3. g3 Nc6 4. Bg2 Nf6 5. d3 d5 6. Nbd2 dxe4 7. dxe4 e5 8. O-O
Be7 9. Nc4 Qc7 10. Nh4 Bg4 11. Qe1 O-O-O 12. c3 Rd1 13. Qe3 Rhd8 14. Bd2 Rxa1
15. Rxa1 Be6 16. Na3 Ng4 17. Qe2 Qd7 18. Be1 g6 19. Nf3 Qd3 20. Bf1 Qxe2 21.
Bxe2 f6 22. Kg2 a6 23. Nc2 c4 24. h3 Nh6 25. Ne3 Na5 26. Rd1 Rxd1 27. Bxd1 Bc5
28. Bd2 Nf7 29. Ng4 Be7 30. Be3 h5 31. Ngh2 Nd6 32. Nd2 Kc7 33. g4 hxg4 34. hxg4
b5 35. f3 Nab7 36. b4 a5 37. a3 axb4 38. axb4 Nf7 39. f4 exf4 40. Bxf4+ Bd6 41.
Bxd6+ Kxd6 42. Kg3 Ne5 43. Ndf3 Nd8 44. Nd4 Bd7 45. Be2 Ndf7 46. Nhf3 Nxf3 47.
Nxf3 Ke6 48. Kf4 g5+ 49. Ke3 Nh6 50. Kd4 Kd6 51. e5+ fxe5+ 52. Nxe5 Be6 {Game
drawn by mutual agreement} 1/2-1/2

[Event "Team 45 45 League T84"]
[Site "Internet Chess Club"]
[Date "2020.04.03"]
[Round "1"]
[White "Grenadier"]
[Black "Goli"]
[Result "0-1"]
[WhiteElo "1603"]
[BlackElo "1738"]
[Opening "Robatsch (modern) defense"]
[ECO "B06"]
[Time "14:00:48"]
[TimeControl "2700+45"]

1. e4 g6 2. d4 Bg7 3. Nf3 d6 4. Bd3 Nf6 5. O-O O-O 6. c3 c5 7. d5 e6 8. c4 exd5
9. cxd5 a6 10. a4 Re8 11. Nc3 Nbd7 12. Bf4 Qc7 13. Qd2 Ng4 14. h3 Nge5 15. Nxe5
Nxe5 16. Bc2 Bd7 17. Rab1 b5 18. Bh6 Bh8 19. f4 Nc4 20. Qc1 Bd4+ 21. Kh1 Ne3 22.
Rf3 Nxc2 23. Qxc2 f5 24. Re1 b4 25. Nb1 fxe4 26. Rg3 Bf5 27. Nd2 e3 28. Qxf5
exd2 29. Rxg6+ hxg6 30. Qxg6+ Bg7 31. Rxe8+ Rxe8 32. Qxe8+ Kh7 33. Bxg7 d1=Q+
34. Kh2 Qxg7 35. Qe4+ Kh6 36. Qe6+ Qg6 37. Qe7 Qd4 {White resigns} 0-1

[Event "Team 45 45 League T84"]
[Site "Internet Chess Club"]
[Date "2020.04.02"]
[Round "1"]
[White "cityprosecutor"]
[Black "justice02"]
[Result "0-1"]
[WhiteElo "1656"]
[BlackElo "1596"]
[Opening "Caro-Kann: closed (Breyer) variation"]
[ECO "B10"]
[Time "22:00:18"]
[TimeControl "2700+45"]

1. e4 c6 2. d3 d5 3. Nd2 e5 4. Ngf3 Bd6 5. g3 Bg4 6. Bg2 Nf6 7. h3 Bh5 8. O-O
O-O 9. b3 Re8 10. Bb2 a5 11. a3 Nbd7 12. Re1 Qb6 13. Qe2 a4 14. b4 Rac8 15. c4
dxe4 16. Nxe4 Nxe4 17. Qxe4 Bg6 18. Qe2 c5 19. b5 e4 20. Nd2 exd3 21. Qxe8+ Rxe8
22. Rxe8+ Bf8 23. Rae1 f6 24. Bd5+ Bf7 25. Bxf7+ Kxf7 26. R8e3 Bd6 27. Rxd3 Ne5
28. Rd5 Bb8 29. f4 Ng6 30. Rd7+ Kf8 31. Nf3 Qa5 32. Red1 Bc7 33. R1d3 Ne7 34.
Bc3 Qb6 35. Re3 Nf5 36. Re4 Nxg3 37. Ree7 Bxf4 38. Rf7+ Ke8 39. Rde7+ Kd8 40.
Rxb7 Qd6 41. Ba5+ Ke8 42. Nd4 Qxd4+ 43. Kg2 Qe4+ 44. Kf2 Qe3+ {White resigns}
0-1

[Event "Team 45 45 League T84"]
[Site "Internet Chess Club"]
[Date "2020.04.04"]
[Round "1"]
[White "GoIrish"]
[Black "Egmont"]
[Result "0-1"]
[WhiteElo "1500"]
[BlackElo "1720"]
[Opening "Réti opening"]
[ECO "A05"]
[Time "10:01:53"]
[TimeControl "2700+45"]

1. Nf3 Nf6 2. g3 b6 3. Bg2 Bb7 4. O-O e6 5. d3 Be7 6. e4 d6 7. Nbd2 Nbd7 8. c3
c5 9. Qe2 Qc7 10. b4 cxb4 11. cxb4 Ba6 12. e5 dxe5 13. Nxe5 Nxe5 14. Bxa8 Bxd3
15. Qd1 Bxf1 16. Nxf1 O-O 17. Bg2 Bxb4 18. Bf4 Qc5 19. Rc1 Qa5 20. Qd4 Ng6 21.
Be3 Bc5 22. Qb2 Ba3 23. Qxa3 Qxa3 24. Rc2 {White resigns} 0-1

[Event "Team 45 45 League T84"]
[Site "Internet Chess Club"]
[Date "2020.04.04"]
[Round "1"]
[White "Monterrey"]
[Black "Ajolote"]
[Result "1-0"]
[WhiteElo "1902"]
[BlackElo "1925"]
[Opening "Nimzo-Indian: classical variation"]
[ECO "E32"]
[Time "14:11:40"]
[TimeControl "2700+45"]

1. d4 Nf6 2. c4 e6 3. Nc3 Bb4 4. Qc2 b6 5. e4 Bb7 6. Bd3 c5 7. d5 d6 8. Ne2 Nbd7
9. O-O exd5 10. exd5 Ne5 11. Bg5 h6 12. Bh4 g5 13. Bg3 Qe7 14. Bxe5 Qxe5 15.
Rfe1 O-O 16. Ng3 Qf4 17. Re7 Bc8 18. Nge2 Qh4 19. Ne4 Ng4 20. h3 f5 21. N4g3 f4
22. Bh7+ Kh8 23. Qg6 {Black resigns} 1-0

[Event "Team 45 45 League T84"]
[Site "Internet Chess Club"]
[Date "2020.04.04"]
[Round "1"]
[White "laurenpar"]
[Black "Grebochess"]
[Result "1-0"]
[WhiteElo "1852"]
[BlackElo "1684"]
[Opening "King's Indian: Torre attack"]
[ECO "A48"]
[Time "04:35:48"]
[TimeControl "2700+45"]

1. Nf3 Nf6 2. d4 g6 3. Bg5 Ne4 4. Bh4 Bg7 5. Nbd2 d5 6. e3 Nd7 7. Nxe4 dxe4 8.
Nd2 f5 9. Bc4 c5 10. c3 cxd4 11. cxd4 Nb6 12. Bb3 Nd5 13. O-O O-O 14. Bxe7 Qxe7
15. Bxd5+ Kh8 16. Qb3 Rb8 17. Rac1 b6 18. Rc3 Ba6 19. Rfc1 Rfc8 20. Qa4 Rxc3 21.
Rxc3 Bd3 22. Qc6 Ba6 23. Qc7 Re8 24. Bf7 Qxc7 25. Rxc7 Rc8 26. Rxc8+ Bxc8 27. h4
Bf6 28. g3 Kg7 29. Bc4 a5 30. Nb1 Bb7 31. Nc3 Bc6 32. a3 h6 33. Kf1 Kf8 34. Ke2
Ke7 35. Bd5 Bd7 36. Kd2 g5 37. hxg5 hxg5 38. g4 f4 39. Nxe4 fxe3+ 40. fxe3 Bxg4
41. Nxf6 Kxf6 42. e4 Bd7 43. Ke3 g4 44. Kf4 Ke7 45. e5 b5 {Black resigns} 1-0

[Event "Team 45 45 League T84"]
[Site "Internet Chess Club"]
[Date "2020.04.04"]
[Round "1"]
[White "cayo89"]
[Black "bobhill"]
[Result "0-1"]
[WhiteElo "1597"]
[BlackElo "1867"]
[Opening "Sicilian defense"]
[ECO "B20"]
[Time "11:02:23"]
[TimeControl "2700+45"]

1. e4 c5 2. b3 Nc6 3. Nf3 d6 4. Bb2 Nf6 5. Nc3 g6 6. Nd5 Bg7 7. Nxf6+ exf6 8.
Be2 O-O 9. d3 Re8 10. O-O b5 11. a4 b4 12. Qd2 Ba6 13. Rad1 Qe7 14. Rfe1 Rad8
15. Bf1 Bc8 16. h3 Qf8 17. Qc1 Ne5 18. Be2 Bh6 19. Qa1 Bf4 20. d4 Nxf3+ 21. Bxf3
cxd4 22. Bxd4 Be5 23. c4 bxc3 24. Bxc3 Be6 25. b4 Rc8 26. Bxe5 dxe5 27. Qb2 Rc4
28. Rb1 Rb8 29. b5 Rxa4 30. Bd1 Ra2 31. Qc3 Qd8 32. Re2 Qa5 33. Qc6 Ra1 34. Reb2
Rxb1 35. Rxb1 Qe1+ 36. Kh2 Qxf2 37. Qc7 Qb6 38. Qxb6 Rxb6 39. Ra1 Rxb5 40. Rxa7
Rb1 41. Ra8+ Kg7 42. Rd8 Rb4 43. Bc2 Rd4 44. Rb8 Rd2 45. Bb1 Bc4 46. Rc8 Bf1 47.
Rc2 Rxc2 48. Bxc2 Bc4 49. g4 Kf8 50. Kg3 Ke7 51. h4 h6 52. Kf3 Kd6 53. Ba4 Kc5
54. Ke3 Be6 55. Be8 Kb4 56. h5 g5 57. Kf3 Kc3 58. Bc6 Kd4 59. Bb7 Bb3 60. Ke2
Bc2 61. Kf3 Bd1+ 62. Kg3 Ke3 63. Bd5 Bf3 64. Bxf7 Bxe4 65. Bg6 Bd5 66. Be8 Kd2
{White resigns} 0-1

[Event "Team 45 45 League T84"]
[Site "Internet Chess Club"]
[Date "2020.04.05"]
[Round "1"]
[White "janh"]
[Black "PolishRyszard"]
[Result "1-0"]
[WhiteElo "1897"]
[BlackElo "1831"]
[Opening "Philidor: Improved Hanham variation"]
[ECO "B07"]
[Time "12:01:26"]
[TimeControl "2700+45"]

1. e4 d6 2. d4 Nf6 3. Nc3 Nbd7 4. Nf3 e5 5. g4 h6 6. Rg1 exd4 7. Nxd4 c5 8. Nf5
Ne5 9. h3 g6 10. Ng3 a6 11. Be3 Be6 12. f4 Nc4 13. Bc1 Nb6 14. Qf3 Be7 15. b3 d5
16. e5 Ne4 17. Ngxe4 dxe4 18. Qxe4 Bh4+ 19. Ke2 Nd5 20. Bb2 Nxc3+ 21. Bxc3 Bd5
22. Qe3 Qc7 23. Rd1 O-O-O 24. Rd2 Rhe8 25. Kd1 Qc6 26. Kc1 Kb8 27. Be2 Be7 28.
Rgd1 Be4 29. Rxd8+ Rxd8 30. Rxd8+ Bxd8 31. Bc4 g5 32. f5 b5 33. Bxf7 b4 34. Be1
c4 35. Bf2 Qb7 36. Bxc4 Bc7 37. Qc5 Bc6 38. Qf8+ Qc8 39. Ba7+ {Black resigns}
1-0

[Event "Team 45 45 League T84"]
[Site "Internet Chess Club"]
[Date "2020.04.04"]
[Round "1"]
[White "primerpaso"]
[Black "cadmiumorange"]
[Result "1-0"]
[WhiteElo "1797"]
[BlackElo "1794"]
[Opening "English: closed system"]
[ECO "A25"]
[Time "14:02:46"]
[TimeControl "2700+45"]

1. c4 Nc6 2. Nc3 e5 3. g3 g6 4. Bg2 Bg7 5. e3 d6 6. Nge2 h5 7. d4 exd4 8. exd4
h4 9. Be3 Nh6 10. Qd2 h3 11. Be4 Bf5 12. f3 Bxe4 13. Nxe4 Nf5 14. Bf2 Qd7 15.
O-O O-O-O 16. b4 Rde8 17. b5 Nd8 18. Qa5 Kb8 19. c5 b6 20. cxb6 cxb6 21. Qb4 Nb7
22. Nf4 d5 23. Nc3 Ne7 24. Rad1 Rc8 25. g4 Rc4 26. Qb3 Rhc8 27. Nce2 g5 28. Nxh3
Rc2 29. Rfe1 Na5 30. Qd3 Rxa2 31. Bg3+ Ka8 32. Nxg5 f6 33. Nh3 Rh8 34. Nef4 Bh6
35. Rd2 Rxd2 36. Qxd2 Qxb5 37. Rxe7 Nc4 38. Qa2 a5 39. Ne6 Qc6 40. Nc7+ Kb8 41.
Nxd5+ Kc8 42. Qxc4 {Black resigns} 1-0

[Event "Team 45 45 League T84"]
[Site "Internet Chess Club"]
[Date "2020.04.01"]
[Round "1"]
[White "Draconian"]
[Black "ANGELLR"]
[Result "0-1"]
[WhiteElo "1725"]
[BlackElo "1848"]
[Opening "French: advance variation"]
[ECO "C02"]
[Time "20:00:10"]
[TimeControl "2700+45"]

1. e4 e6 2. d4 d5 3. e5 c5 4. c3 Qb6 5. Nf3 Nc6 6. a3 c4 7. Qc2 Bd7 8. g3 Nge7
9. Bg2 Na5 10. Nbd2 Nf5 11. O-O Be7 12. Rb1 O-O 13. h4 Rac8 14. Re1 h6 15. Kh2
g6 16. Rh1 Kg7 17. Kg1 h5 18. Nf1 Nb3 19. Bf4 Ba4 20. Qe2 Na5 21. Qe1 Bc2 22.
Rc1 Bd3 23. Qd2 Nb3 24. Qe1 Nxc1 25. Bxc1 Qb3 26. N3d2 Qc2 27. f3 Bxf1 28. Nxf1
Rh8 29. Rh2 Rce8 30. Bh3 Qd3 31. f4 b5 32. Rd2 Qb1 33. Rd1 a5 34. Qe2 Qe4 35.
Qxe4 dxe4 36. Bxf5 gxf5 37. Ne3 Kg6 38. Bd2 Rd8 39. Kf2 Rd7 40. Nc2 Rb8 41. Rb1
Rdb7 42. Ke2 Kh7 43. Be1 Rg8 44. Ne3 Kg6 45. Bd2 Rc8 46. Nc2 Rc6 47. Kd1 Rcb6
48. Ne3 Rd7 49. Ke2 Rc6 50. Rc1 b4 51. axb4 axb4 52. Nc2 b3 53. Ne3 Ra7 54. Rb1
Ra2 55. Kd1 f6 56. exf6 Kxf6 57. Kc1 Rc8 58. Be1 Kf7 59. Bf2 Ra4 60. Nd1 Rca8
61. Be3 Ra1 62. Bf2 Ke8 63. Ne3 Rxb1+ 64. Kxb1 Ra4 65. Be1 Kd7 66. Bd2 Kc6 67.
Ng2 Ra8 68. Be1 Rg8 69. Kc1 Rf8 70. Bd2 Kb5 71. Kb1 Rg8 72. Be1 Bd6 73. Kc1 Ra8
74. Kb1 Ra2 75. Bd2 Ra7 76. Be1 Rd7 77. Ne3 Bc7 78. Ng2 e5 79. fxe5 Bxe5 80. Ne3
f4 81. gxf4 Bxf4 82. Nf5 Rf7 {White resigns} 0-1

[Event "Team 45 45 League T84"]
[Site "Internet Chess Club"]
[Date "2020.04.05"]
[Round "1"]
[White "LittleButton"]
[Black "achessman"]
[Result "1/2-1/2"]
[WhiteElo "1859"]
[BlackElo "1804"]
[Opening "Queen's pawn, Mason variation"]
[ECO "D00"]
[Time "14:01:24"]
[TimeControl "2700+45"]

1. d4 d5 2. Bf4 Nf6 3. e3 c5 4. c3 Nc6 5. Nd2 e6 6. Ngf3 Bd6 7. Bg3 O-O 8. Bd3
b6 9. Ne5 Bb7 10. Qe2 Ne7 11. Rd1 Nf5 12. Bf4 Be7 13. O-O Nd6 14. dxc5 bxc5 15.
c4 Rc8 16. Ng4 Qb6 17. Bg5 Qd8 18. b3 Re8 19. Rfe1 Nfe4 20. Bxe7 Qxe7 21. Nb1
Qg5 22. f4 Qe7 23. Nf2 Red8 24. Qc2 Nxf2 25. Qxf2 dxc4 26. bxc4 e5 27. Nc3 e4
28. Bf1 Qe6 29. Nd5 Nxc4 30. Bxc4 Bxd5 31. Rxd5 Rxd5 32. Qc2 Rcd8 33. Qb3 h6 34.
h3 Qd7 35. Bxd5 Qxd5 36. Qxd5 Rxd5 37. Rc1 Kf8 38. Rc4 f5 39. Ra4 Rd7 40. Kf2
Ke7 41. Ke2 Kd6 42. g4 fxg4 43. hxg4 Re7 44. Kd2 Kc6 45. Ra6+ Kb5 46. Rd6 Kb4
47. Kc2 a5 48. Kb2 a4 49. a3+ Kc4 50. Kc2 Ra7 51. f5 Re7 52. Re6 Ra7 53. Rxe4+
Kb5 54. Re6 Rd7 55. e4 Kc4 56. Ra6 Kb5 57. Re6 Kc4 58. Ra6 {Game drawn by mutual
agreement} 1/2-1/2

[Event "Team 45 45 League T84"]
[Site "Internet Chess Club"]
[Date "2020.04.03"]
[Round "1"]
[White "LookImYourVader"]
[Black "jjimalo"]
[Result "1/2-1/2"]
[WhiteElo "1814"]
[BlackElo "1793"]
[Opening "QGD"]
[ECO "D52"]
[Time "14:00:48"]
[TimeControl "2700+45"]

1. Nf3 d5 2. c4 c6 3. d4 Nf6 4. Nc3 e6 5. Bg5 Nbd7 6. e3 Bd6 7. Qc2 h6 8. Bh4
Qc7 9. Bd3 O-O 10. O-O b6 11. cxd5 exd5 12. Rac1 a6 13. e4 dxe4 14. Nxe4 Nxe4
15. Bxe4 Bb7 16. Bxc6 Rac8 17. d5 Ne5 18. Nxe5 Bxe5 19. Bg3 Bxg3 20. hxg3 Rfd8
21. Qe4 Bxc6 22. Rxc6 Qb7 23. Rfc1 Rxc6 24. Rxc6 b5 25. d6 a5 26. Qc2 Qd7 27. a3
Qe6 28. Qc5 b4 29. axb4 Qe1+ 30. Kh2 Qxb4 31. Qxb4 axb4 32. Rb6 Kf8 33. g4 Ke8
34. Rxb4 Rxd6 35. Re4+ Kd7 36. b4 Rd1 37. Kg3 Rb1 38. Kf4 Rb2 39. Kg3 Rb1 40. f3
Rb2 41. Kh3 Rb3 42. Kh4 Rb2 43. Kg3 Rb3 44. Kf4 Rb2 45. g3 Rb3 46. Rc4 Ke6 47.
Ke4 Kd6 48. Rd4+ Ke6 49. Rc4 Kd6 50. Kf4 Kd7 51. Rd4+ Ke7 52. Re4+ Kf6 53. Rc4
Ke6 54. Re4+ Kf6 55. Rc4 Ke6 56. Re4+ {Game drawn by mutual agreement} 1/2-1/2

[Event "Team 45 45 League T84"]
[Site "Internet Chess Club"]
[Date "2020.04.01"]
[Round "1"]
[White "room-matt"]
[Black "QuieroAprender"]
[Result "1-0"]
[WhiteElo "1810"]
[BlackElo "1643"]
[Opening "Bishop's opening: Ponziani gambit"]
[ECO "C24"]
[Time "14:17:42"]
[TimeControl "2700+45"]

1. e4 e5 2. Bc4 Nf6 3. d4 Bb4+ 4. c3 Bd6 5. dxe5 Bxe5 6. f4 Nxe4 7. Qh5 O-O 8.
fxe5 d5 9. Bd3 f5 10. Nf3 c5 11. O-O c4 12. Bxe4 fxe4 13. Nd4 Rxf1+ 14. Kxf1 Nc6
15. Bf4 Qe7 16. Na3 Nxd4 17. cxd4 Bd7 18. Kg1 Qb4 19. Rb1 c3 20. Nc2 Qa4 21. Qd1
Rf8 22. g3 g5 23. Bxg5 Bh3 24. Bf6 {Black resigns} 1-0

[Event "Team 45 45 League T84"]
[Site "Internet Chess Club"]
[Date "2020.04.01"]
[Round "1"]
[White "wildkingdumb"]
[Black "Bumun"]
[Result "0-1"]
[WhiteElo "1622"]
[BlackElo "1623"]
[Opening "Scandinavian defense"]
[ECO "B01"]
[Time "11:00:09"]
[TimeControl "2700+45"]

1. e4 d5 2. exd5 Nf6 3. d4 Bg4 4. f3 Bf5 5. Bb5+ Nbd7 6. c4 e6 7. dxe6 Bxe6 8.
c5 c6 9. Ba4 Nd5 10. Ne2 Be7 11. O-O N7f6 12. Nbc3 O-O 13. Nxd5 Nxd5 14. Bb3 b6
15. Bxd5 Bxd5 16. cxb6 Qxb6 17. b3 c5 18. Be3 Rad8 19. Qc2 Rc8 20. Qd1 Rfd8 21.
Kh1 c4 22. Nf4 c3 23. Nxd5 Rxd5 24. Qd3 Bf6 25. Rac1 Bxd4 26. Qe4 Qd6 27. Bxd4
Rxd4 28. Qf5 Rc5 29. Qb1 Rh5 30. h3 Rd2 31. f4 Rxh3+ {White resigns} 0-1

[Event "Team 45 45 League T84"]
[Site "Internet Chess Club"]
[Date "2020.04.05"]
[Round "1"]
[White "julesraider"]
[Black "trombone"]
[Result "0-1"]
[WhiteElo "1642"]
[BlackElo "1782"]
[Opening "QGD: Tarrasch, Prague variation, 9.Bg5"]
[ECO "D30"]
[Time "17:00:31"]
[TimeControl "2700+45"]

1. d4 d5 2. c4 e6 3. Nf3 c5 4. cxd5 exd5 5. g3 Nc6 6. Bg2 Nf6 7. O-O Be7 8. Nc3
O-O 9. Bg5 c4 10. b3 Qa5 11. Bd2 Bb4 12. Qc2 Re8 13. Rfe1 Ne4 14. Rec1 Nxc3 15.
Bxc3 Bxc3 16. Qxc3 Qxc3 17. Rxc3 cxb3 18. axb3 Rxe2 19. Kf1 Re8 20. Rc5 Be6 21.
Rd1 Rac8 22. Ng5 h6 23. Nxe6 fxe6 24. Bh3 Kf7 25. Rdc1 Ne7 26. Rc7 Rxc7 27. Rxc7
Rb8 28. Ke2 Kf6 29. Kd3 a5 30. f4 g6 31. g4 g5 32. Ke3 b6 33. Bf1 Rc8 34. Rxc8
Nxc8 35. Bd3 gxf4+ 36. Kxf4 Ne7 37. Bb5 Ng6+ 38. Ke3 Kg5 39. Be2 e5 40. dxe5
Nxe5 41. h3 Kf6 42. Kd4 Ng6 43. Bf1 Ke6 44. Bg2 Nf4 45. Bf1 Kd6 46. h4 Ne6+ 47.
Ke3 Ke5 48. Bd3 Nf4 49. Bf1 d4+ 50. Kf3 Ng6 51. h5 Nf4 52. Bc4 Ne6 53. Bxe6 Kxe6
54. Ke4 b5 55. Kxd4 a4 56. bxa4 bxa4 57. Kc3 Kf6 58. Kb4 Kg5 59. Kxa4 Kxg4 60.
Kb3 Kxh5 61. Kc2 Kg4 62. Kd2 Kg3 63. Ke2 Kg2 64. Ke3 h5 65. Kf4 h4 66. Kg4 h3
67. Kf4 h2 {White resigns} 0-1

[Event "Team 45 45 League T84"]
[Site "Internet Chess Club"]
[Date "2020.04.04"]
[Round "1"]
[White "WillC"]
[Black "andrew37"]
[Result "0-1"]
[WhiteElo "1551"]
[BlackElo "1623"]
[Opening "King's Indian: East Indian defense"]
[ECO "A48"]
[Time "13:00:51"]
[TimeControl "2700+45"]

1. d4 Nf6 2. Nf3 g6 3. b3 d5 4. Bb2 Bg7 5. e3 O-O 6. Be2 c5 7. Nbd2 cxd4 8. exd4
Nc6 9. O-O Bf5 10. a3 Rc8 11. Rc1 Ne4 12. c4 Nxd2 13. Qxd2 Be4 14. Ne5 dxc4 15.
Nxc6 Bxc6 16. Bxc4 b5 17. Be2 e5 18. Rfd1 Qd5 19. Bf1 Rfd8 20. Rc5 Qxb3 21. Rc3
Qd5 22. Rc5 Qxc5 23. dxc5 Rxd2 24. Rxd2 f6 25. Rc2 a6 26. Bc1 Bf8 27. Be3 Kf7
28. g3 Rd8 29. Be2 f5 30. Kf1 Ke6 31. a4 bxa4 32. Bxa6 Ra8 33. Bc4+ Kf6 34. Ke2
Ra5 35. Ba2 Rb5 36. Kd2 f4 37. gxf4 exf4 38. Bd4+ Kf5 39. f3 Rb4 40. Kc3 Rb5 41.
Kd2 Rb8 42. Ke2 Be7 43. Kf2 Bh4+ 44. Kg2 Bf6 45. Bf2 Rb2 46. Rxb2 Bxb2 47. Bb1+
Ke5 48. Ba2 Bd4 49. Bg8 h6 50. Bf7 g5 51. Be1 Bxc5 52. h4 a3 53. Bc3+ Bd4 54.
Bb4 Bb2 55. hxg5 hxg5 56. Be7 Bd5 57. Bf6+ Kd6 58. Be7+ Kc6 59. Be8+ Kc7 60.
Bxg5 a2 61. Bxf4+ Kd8 {White resigns} 0-1